Map: Dusk Towers

Players

ChOgO

  • Race: Protoss Protoss
  • League: Gold

Kratoss - Winner!

  • Race: Zerg Zerg
  • League: Master

Event: Gauntlet LotV Series 1 Qualifier 1

VOD

Have the link to the VOD?

Description

Time

  • Played on: Nov. 22, 2015, 3:29 p.m.
  • Length: 11:45

All games in this series

Show
View Real Time Build Order
Export as new Build Order

ChOgO Protoss 

Build Orders:  

Get SALT Encoding   

  12  0:01  Probe (Chrono Boost)  
  13  0:12  Probe (Chrono Boost)  
  14  0:22  Probe (Chrono Boost), Pylon  
  15  0:32  Assimilator  
  15  0:40  Probe (Chrono Boost)  
  16  0:43  Gateway  
  16  0:50  Probe (Chrono Boost)  
  16  0:52  Assimilator  
  17  1:01  Probe (Chrono Boost)  
  18  1:11  Probe (Chrono Boost)  
  19  1:22  Probe (Chrono Boost)  
  19  1:24  Gateway  
  20  1:39  Cybernetics Core  
  20  1:45  Probe (Chrono Boost)  
  21  1:48  Pylon  
  21  2:13  Pylon  
  21  2:15  Adept x2  
  25  2:17  Warp Gate  
  25  2:22  Mothership Core (Chrono Boost)  
  27  2:55  Adept x2  
  32  2:58  Probe (Chrono Boost)  
  32  3:09  Probe (Chrono Boost)  
  33  3:28  Pylon  
  33  3:30  Pylon x2  
  33  3:32  Pylon  
  28  3:47  Adept x2  
  31  3:57  Probe (Chrono Boost)  
  32  4:24  Probe (Chrono Boost)  
  33  4:34  Probe (Chrono Boost)  
  30  4:56  Nexus  
  30  4:57  Twilight Council  
  30  4:59  Stargate  
  30  5:03  Pylon  
  30  5:11  Sentry  
  32  5:19  Forge  
  32  5:30  Sentry  
  34  5:36  Probe (Chrono Boost)  
  35  5:42  Oracle  
  35  5:45  Blink (Chrono Boost)  
  35  5:46  Probe  
  39  5:59  Stalker x2  
  43  6:15  Pylon  
  41  6:36  Pylon  
  41  6:38  Probe  
  41  6:40  Probe  
  41  6:42  Gateway  
  41  6:43  Assimilator  
  41  6:44  Gateway  
  41  6:47  Assimilator  
  43  6:48  Pylon  
  43  6:49  Probe, Pylon  
  43  6:52  Probe  
  45  6:59  Probe  
  46  7:04  Probe  
  46  7:05  Stalker x2  
  51  7:14  Gateway x2  
  51  7:33  Probe  
  51  7:35  Probe  
  53  7:44  Probe  
  53  7:47  Probe  
  53  7:48  Stargate  
  53  7:49  Protoss Air Weapons Level 1  
  53  7:50  Stargate  
  55  7:54  Probe  
  56  7:59  Probe  
  57  8:07  Protoss Shields Level 1 (Chrono Boost)  
  57  8:14  Probe x2  
  59  8:21  Void Ray  
  63  8:29  Photon Cannon  
  63  8:32  Photon Cannon  
  63  8:35  Stalker  
  63  8:37  Zealot  
  63  8:38  Zealot x3  
  67  8:58  Photon Cannon  
  67  9:13  Void Ray (Chrono Boost)  
  71  9:22  Stalker  
  71  9:23  Stalker x3  
  79  9:32  Void Ray (Chrono Boost)  
  91  10:02  Void Ray (Chrono Boost)  
  91  10:03  Void Ray (Chrono Boost)  
  91  10:06  Pylon  
  91  10:18  Pylon  
  91  10:24  Void Ray (Chrono Boost)  
  96  10:28  Probe x2  
  101  10:54  Void Ray (Chrono Boost)  
  101  11:03  Void Ray (Chrono Boost)  
  82  11:24  Stalker  
  82  11:25  Stalker x2  
Show
View Real Time Build Order
Export as new Build Order

Kratoss Zerg - Winner!

Build Orders: Hatch First 

Get SALT Encoding   

  12  0:02  Drone  
  13  0:13  Overlord  
  13  0:17  Drone  
  14  0:32  Drone x2  
  16  0:36  Drone  
  17  0:55  Hatchery  
  17  0:57  Drone  
  17  1:01  Drone  
  18  1:14  Spawning Pool  
  18  1:17  Drone  
  18  1:21  Extractor  
  18  1:22  Drone  
  18  1:29  Drone  
  19  1:40  Drone  
  20  1:50  Drone  
  21  2:03  Overlord  
  21  2:06  Queen  
  21  2:07  Drone  
  21  2:08  Queen  
  26  2:12  Drone  
  27  2:18  Drone  
  28  2:25  Metabolic Boost, Drone  
  28  2:29  Drone  
  30  2:40  Zergling x4  
  32  2:48  Overlord  
  32  2:52  Zergling x2  
  32  2:55  Zergling x2  
  32  2:56  Roach Warren  
  33  3:01  Zergling x2  
  35  3:05  Drone  
  35  3:11  Drone  
  36  3:27  Drone x6  
  37  3:28  Drone  
  42  3:36  Spine Crawler  
  42  3:37  Spine Crawler x2  
  42  3:39  Spine Crawler  
  37  3:43  Zergling x4  
  39  3:52  Zergling x2  
  39  3:53  Roach  
  41  3:56  Overlord  
  41  4:13  Drone x3  
  41  4:15  Drone  
  43  4:23  Roach x4  
  49  4:36  Roach  
  49  4:37  Overlord  
  49  4:38  Lair, Overlord  
  49  4:48  Roach  
  49  4:50  Overlord x2  
  51  4:57  Roach x4  
  57  5:03  Drone x3  
  60  5:09  Hatchery, Drone  
  60  5:14  Overlord  
  60  5:17  Queen  
  60  5:19  Drone x2, Extractor  
  60  5:20  Drone, Extractor  
  63  5:22  Drone  
  63  5:24  Drone  
  65  5:34  Ravager  
  66  5:36  Drone, Ravager  
  66  5:37  Drone x2  
  66  5:41  Queen  
  72  5:43  Drone  
  72  5:44  Drone  
  72  5:47  Overlord  
  72  5:49  Drone x4  
  78  5:58  Ravager  
  78  6:04  Drone, Overlord x2  
  78  6:05  Drone x2  
  78  6:07  Ravager  
  66  6:25  Drone  
  66  6:26  Drone x5, Overlord x2  
  66  6:28  Drone  
  66  6:30  Extractor  
  66  6:32  Drone x2  
  74  6:34  Spire  
  73  6:47  Drone x3  
  73  6:48  Drone  
  73  6:51  Drone x2  
  79  6:54  Extractor  
  79  6:55  Drone x3, Extractor  
  79  6:56  Drone x3  
  79  6:58  Hatchery  
  78  7:04  Drone x2  
  78  7:06  Drone  
  81  7:14  Infestation Pit  
  80  7:18  Glial Reconstitution  
  80  7:21  Drone x2  
  82  7:25  Evolution Chamber x2, Drone  
  81  7:30  Drone x4  
  81  7:31  Drone x4  
  81  7:32  Ravager x2  
  91  7:37  Spore Crawler  
  91  7:39  Spore Crawler  
  91  7:40  Spore Crawler, Drone  
  91  7:41  Drone  
  91  7:43  Drone  
  91  7:44  Overseer  
  91  7:53  Mutalisk x5  
  91  7:56  Mutalisk  
  103  7:59  Drone x2  
  103  8:02  Drone x2, Overlord  
  103  8:03  Overlord  
  107  8:06  Zerg Ground Armor Level 1  
  107  8:10  Extractor  
  106  8:14  Extractor  
  106  8:19  Drone x3  
  108  8:21  Drone x3  
  108  8:24  Spine Crawler  
  108  8:26  Spine Crawler  
  109  8:27  Spore Crawler  
  109  8:31  Hive, Zerg Missile Weapons Level 1  
  109  8:32  Roach x5  
  109  8:33  Roach  
  120  8:38  Roach x3  
  120  8:40  Overlord  
  126  8:53  Drone  
  126  8:55  Drone x2, Hydralisk Den  
  128  8:58  Queen  
  128  9:02  Roach  
  134  9:03  Roach x5  
  134  9:06  Ravager x5  
  147  9:11  Hatchery  
  146  9:18  Roach x7  
  160  9:51  Muscular Augments  
  160  9:52  Hydralisk x3, Roach  
  164  9:54  Overlord x2  
  164  9:55  Overlord x5  
  168  10:02  Ultralisk Cavern  
  167  10:16  Hydralisk x6  
  167  10:17  Hydralisk, Roach  
  167  10:18  Hydralisk  
  167  10:20  Hydralisk  
  187  10:22  Hydralisk  
  189  10:37  Hydralisk x5  
  189  10:41  Overlord  
  189  10:42  Overlord x2  
  199  10:43  Overlord  
  199  10:44  Overlord  
  199  10:45  Overlord x2  
  189  11:24  Roach x4  
  189  11:25  Roach  
Tags
 
Add a new tag
Caveats
  • Supply blocks, unpowered buildings, or Contaminate may cause inaccurate times.
  • Supply counts are checked every 10 seconds.